Map: New Repugnancy LE

Players

Viivek

  • Race: Zerg Zerg
  • Spawn Location: 7:00

TiPtOP - Winner!

  • Race: Terran Terran
  • League: Silver
  • Spawn Location: 1:00

VOD

Have the link to the VOD?

Description

Time

  • Played on: May 12, 2019, 10:24 p.m.
  • Length: 10:26
Show
View Real Time Build Order
Export as new Build Order

Viivek Zerg 

Build Orders: Hatch First, Roach Hydra 

Get SALT Encoding   

  12  0:02  Drone  
  13  0:08  Drone  
  14  0:17  Overlord  
  14  0:36  Drone x3  
  17  0:44  Extractor  
  17  0:49  Drone  
  17  1:02  Drone  
  17  1:03  Hatchery  
  17  1:13  Drone  
  18  1:24  Spawning Pool  
  17  1:27  Drone  
  17  1:32  Drone  
  19  1:42  Drone  
  20  1:56  Evolution Chamber, Drone  
  20  2:05  Drone  
  21  2:14  Overlord, Queen  
  23  2:22  Roach Warren  
  22  2:26  Queen  
  24  2:30  Drone  
  25  2:46  Drone x3  
  25  2:47  Drone x2  
  30  2:55  Overlord  
  30  3:00  Queen  
  32  3:08  Overlord  
  32  3:19  Metabolic Boost  
  32  3:20  Extractor  
  32  3:24  Zerg Missile Weapons Level 1  
  31  3:28  Queen  
  31  3:31  Drone  
  34  3:49  Drone x4  
  34  3:50  Drone x3  
  41  4:13  Roach  
  41  4:14  Overlord, Zergling x2  
  41  4:15  Overlord x3  
  44  4:38  Roach  
  44  4:39  Roach x6  
  58  4:46  Extractor  
  58  4:47  Extractor  
  56  4:53  Lair  
  56  4:55  Drone x4  
  60  5:03  Zergling x2  
  60  5:05  Zergling x6  
  64  5:15  Drone x2  
  66  5:23  Zerg Ground Armor Level 1  
  66  5:29  Drone x3  
  69  5:38  Roach  
  69  5:39  Roach x2  
  69  5:40  Overlord  
  73  6:16  Roach x5  
  73  6:17  Overlord  
  83  6:36  Hatchery  
  82  6:44  Hydralisk Den  
  81  6:48  Infestation Pit  
  81  6:50  Drone  
  81  6:51  Drone x3  
  81  6:52  Drone x2  
  81  6:53  Drone  
  87  6:55  Drone x3  
  90  7:08  Drone  
  90  7:09  Drone  
  90  7:14  Grooved Spines  
  92  7:16  Glial Reconstitution  
  92  7:18  Zerg Missile Weapons Level 2  
  92  7:22  Overlord x2  
  92  7:24  Overlord  
  92  7:26  Overlord  
  92  7:48  Hydralisk x2  
  92  7:49  Hydralisk x5  
  106  7:57  Queen  
  108  7:59  Drone x2  
  110  8:18  Hydralisk x5  
  120  8:25  Muscular Augments  
  120  8:41  Hydralisk x3, Roach x2  
  124  8:43  Overlord x3  
  129  9:23  Hydralisk x6  
  129  9:24  Hydralisk x3  
  145  9:36  Spine Crawler  
  145  9:38  Spine Crawler  
  143  9:40  Spore Crawler  
  143  9:41  Spine Crawler  
  143  9:44  Hydralisk  
  143  9:45  Hydralisk x5  
  147  9:46  Spore Crawler  
  82  10:06  Roach x5  
Show
View Real Time Build Order
Export as new Build Order

TiPtOP Terran - Winner!

Build Orders:  

Get SALT Encoding   

  12  0:01  SCV  
  13  0:13  SCV  
  14  0:19  Supply Depot  
  14  0:25  SCV  
  15  0:41  SCV  
  16  0:45  Barracks  
  16  0:53  SCV  
  16  0:56  Refinery  
  17  1:05  SCV  
  18  1:31  SCV  
  19  1:37  Supply Depot  
  19  1:46  Barracks Reactor  
  19  1:53  Barracks  
  19  2:09  SCV  
  20  2:26  Command Center  
  20  2:28  Marine x2  
  22  2:38  Barracks, Orbital Command  
  22  3:06  SCV  
  22  3:14  Marine x2  
  22  3:15  Barracks Tech Lab  
  24  3:32  SCV  
  25  3:35  Supply Depot  
  25  3:37  Barracks Reactor  
  25  3:44  SCV  
  25  3:45  SCV  
  25  3:46  Marine x3  
  30  4:02  Factory  
  30  4:03  SCV  
  30  4:05  Refinery  
  31  4:15  SCV  
  32  4:17  Supply Depot  
  32  4:19  Marine x2  
  32  4:20  Marine  
  35  4:28  SCV  
  36  4:36  Orbital Command  
  36  4:40  SCV, Supply Depot  
  36  4:41  Marine x4  
  36  4:42  Marine  
  42  4:46  Factory Reactor  
  42  4:57  Starport  
  42  4:59  Marine  
  42  5:00  Marine  
  42  5:03  SCV  
  45  5:18  Supply Depot  
  45  5:24  Marine x2  
  45  5:25  Marine x2  
  49  5:29  Stimpack  
  49  5:33  SCV  
  50  5:41  Supply Depot  
  50  5:46  SCV x2  
  52  5:50  Marine x5  
  57  6:07  Marine  
  57  6:08  Marine x3  
  57  6:09  Medivac x2  
  65  6:11  Factory Tech Lab  
  65  6:17  Engineering Bay  
  65  6:20  SCV x2  
  65  6:23  Marine  
  68  6:34  SCV  
  68  6:35  SCV  
  68  6:37  Siege Tank  
  68  6:39  Marine x2  
  73  6:40  Marine x2  
  73  6:41  Marine  
  78  6:49  Supply Depot  
  78  6:56  SCV x2  
  80  7:04  Marine  
  80  7:05  Marine x4  
  85  7:10  Medivac x2  
  85  7:11  Siege Tank, Supply Depot  
  92  7:30  Terran Infantry Weapons Level 1  
  92  7:32  Combat Shield  
  92  7:34  Marine x5, Supply Depot  
  97  7:42  Supply Depot  
  97  7:52  SCV x2  
  97  7:57  Marine x5, Supply Depot  
  104  8:04  Supply Depot  
  104  8:15  Siege Tank, Marine x5  
  104  8:18  Medivac  
  114  8:24  Supply Depot  
  114  8:46  Supply Depot  
  114  8:47  Siege Tank  
  117  9:04  Marine x5  
  122  9:15  Command Center  
  122  9:18  Missile Turret  
  122  9:20  Missile Turret  
  98  10:02  Marine  
  98  10:03  Marine x4  
Tags
 
Add a new tag
Caveats
  • Supply blocks, unpowered buildings, or Contaminate may cause inaccurate times.
  • Supply counts are checked every 10 seconds.